 Dungeon Crawl Stone Soup version 0.19-a0-1320-g0178847 (webtiles) character file.

120276 4thArraOfDagon the Brawler (level 16, -46/188 HPs)
             Began as a Troll Ice Elementalist on Aug 31, 2016.
             Was a High Priest of Sif Muna.
             Killed from afar by a deep elf annihilator (70 damage)
             ... with an iron shot
             ... on level 3 of the Elven Halls.
             The game lasted 01:27:46 (13679 turns).

4thArraOfDagon the Brawler (TrIE)                  Turns: 13679, Time: 01:27:47

Health: -46/188    AC: 25    Str: 22      XL:     16   Next: 29%
Magic:  24/24      EV: 12    Int: 17 (18) God:    Sif Muna [*****.]
Gold:   1319       SH:  0    Dex: 10      Spells: 7 memorised, 2 levels left

rFire  + + +     SeeInvis .       - Unarmed
rCold  + . .     Gourm    +     (armour currently unavailable)
rNeg   + . .     Faith    .     (no shield)
rPois  ∞         Spirit   .     (helmet restricted)
rElec  +         Dismiss  .     A - +1 cloak {+Inv}
rCorr  +         Reflect  .     (gloves unavailable)
MR     ++...     Harm     .     (boots unavailable)
Stlth  +.........               (no amulet)
                                m - ring of protection from fire
                                N - +2 ring of intelligence

@: statue-form, resistant, corroded, very slightly contaminated, drained,
invisible, divine energy, very slow
A: unfitting armour, claws 3, deterioration 1, fire resistance 1, fast
metabolism 3, gourmand, magic resistance 1, regeneration 2, (shaggy fur 0),
strong 1, (tough skin 0), wild magic 1
a: End Transformation, Stop Divine Energy, Channel Magic, Forget Spell, Renounce
Religion


You were on level 3 of the Elven Halls.
You worshipped Sif Muna.
Sif Muna was extremely pleased with you.
You were not hungry.
You were a stone statue.
You visited 4 branches of the dungeon, and saw 25 of its levels.
You visited the Abyss 1 time.
You also visited: Desolation.

You collected 1655 gold pieces.
You spent 336 gold pieces at shops.

Inventory:

Hand Weapons
 L - a +1 giant spiked club
Missiles
 t - 3 throwing nets
 v - 4 tomahawks of dispersal
 x - 29 large rocks (quivered)
Armour
 g - a +2 robe of magic resistance
 A - a +1 cloak of invisibility (worn)
 O - a +1 robe of the Archmagi (melded)
 S - a +1 robe of cold resistance
Magical Staves
 d - an uncursed staff of earth
 w - an uncursed staff of wizardry {!a}
Jewellery
 m - a ring of protection from fire (right claw)
 n - a +1 ring of slaying
 B - an uncursed ring of protection from fire
 F - an uncursed ring of resist corrosion
 N - a +2 ring of intelligence (left claw)
 Q - an uncursed ring of ice
Wands
 o - a wand of digging (16/24)
 q - a wand of random effects (13/48)
 u - a wand of confusion (0/48)
 D - a wand of iceblast (6/15)
 E - a wand of confusion (3/48)
 G - a wand of disintegration (10/24)
 H - a wand of lightning (6/15)
 P - a wand of acid (3/15)
 T - a wand of polymorph (12/24)
 V - a wand of flame (29/48)
 W - a wand of acid (2/15)
Scrolls
 f - 4 scrolls of enchant armour
 j - 9 scrolls of remove curse
 k - 5 scrolls of recharging
 y - a scroll of summoning
 z - 2 scrolls of amnesia
 K - 3 scrolls of torment
 U - 2 scrolls of blinking
 X - a scroll of immolation
 Z - 7 scrolls of identify
Potions
 e - 3 potions of magic
 r - a potion of degeneration
 s - a potion of curing
 C - a potion of cure mutation
 I - a potion of brilliance
 J - 3 potions of flight
 R - 2 potions of lignification
 Y - a potion of ambrosia
Books
 a - a book of the Warp

   Spells                             Type                      Level
   a - Gell's Gravitas                Hexes/Translocation          3
   b - Force Lance                    Conjuration/Translocation    4
   c - Summon Forest                  Summoning/Translocation      5
   d - Dispersal                      Translocation                6
   e - Controlled Blink               Translocation                8
   f - Disjunction                    Translocation                8
Comestibles
 c - 9 bread rations
 i - 8 meat rations


   Skills:
 + Level 6.2(6.1) Fighting
 + Level 6.1(6.0) Dodging
 - Level 1.1(1.0) Stealth
 + Level 16.8(16.6) Unarmed Combat
 - Level 6.4(6.3) Spellcasting
   Level 0.6(0.5) Conjurations
 - Level 10.6(10.5) Transmutations
 - Level 2.1(2.0) Ice Magic
 - Level 12.6(12.5) Earth Magic
 - Level 3.1(3.0) Invocations


You had 2 spell levels left.
You knew the following spells:

 Your Spells              Type           Power        Failure   Level  Hunger
a - Freeze                Ice            ###.         10%         1    None
b - Passwall              Tmut/Erth      ######....   1%          2    None
c - Dragon Form           Tmut           ######....   98%         7    #######
d - Blade Hands           Tmut           ######....   10%         5    #####..
e - Repel Missiles        Chrm/Air       #.....       28%         2    None
f - Swiftness             Chrm/Air       #.......     28%         2    None
g - Statue Form           Tmut/Erth      ######...    24%         6    #######


Dungeon Overview and Level Annotations

Branches:
Dungeon (14/15)              Lair (6/6) D:10          Snake (0/4) Lair:4
  Slime (0/5) Lair:6          Orc (2/2) D:10            Elf (3/3) Orc:2
 Temple: D:4-7        Swamp: Lair:2-4    Shoals: Lair:2-4    Vaults: D:13-14

Altars:
Dithmenos
Makhleb
Sif Muna
Beogh
Jiyva

Shops:
D:4 }?   D:13 =   D:14 }*   Orc:2 *?[}

Portals:
Pandemonium: Orc:2

Annotations:
D:3 Ruebezahl's ghost, weakling GrCK
D:11 Nergalle
Lair:6 Amnesiac's ghost, journeyman TeSu
Orc:1 Urug
Orc:2 exclusion: upstairs


Innate Abilities, Weirdness & Mutations

You are too large for most types of armour.
You have claws for hands.
Your metabolism is lightning-fast.
You like to eat raw meat.
You heal very quickly.
((You are covered in fur. (AC +1)))
((You have very tough skin. (AC +2)))
Your flesh is heat resistant. (rF+)
You are resistant to hostile enchantments. (MR+)
Your muscles are strong. (Str +2)
Your spells are a little harder to cast, but a little more powerful.
[Your body sometimes deteriorates upon taking damage.]


Message History

Unknown command.
Unknown command.
Okay, then.
You eviscerate the deep elf death mage!!!!
You kill the deep elf death mage!
Sif Muna accepts your kill.
You feel the corruption within you wane somewhat.
You feel clever. x2; You feel stronger.
You hear a shout! x3
The deep elf master archer shoots an arrow.
Unknown command.
Unknown command.
You barely miss the deep elf annihilator.
The deep elf master archer shoots an arrow.
The arrow hits the deep elf annihilator!!
The deep elf master archer shoots an arrow.
The arrow closely misses the deep elf annihilator.
The deep elf annihilator points at you and mumbles some strange words.
The iron shot hits you!
You die...

###### ##$[[|$##
#.|$:$}e##
+..}$:))e########
#.|))$)8#((......
.....##$}(=$##........
.......#######.e...e...
.........# #...§e......
.e......###.e.........
#..ee...#.......###..
#......#e.....##
#e...e'.....##
#}...e#.....#


You could see a deep elf master archer and a deep elf annihilator.

Vanquished Creatures
  A bone dragon (Abyss:2)
  A deep elf blademaster (Elf:3)
  An Executioner (Abyss:2)
  A tentacled starspawn (Abyss:2)
  The ghost of Dominolapin the Black Sun, an adept DsMo of Kikubaaqudgha (Elf:1)
  3 deep elf sorcerers
  4 deep elf elementalists
  A cacodemon (Abyss:2)
  2 deep elf demonologists
  6 dire elephants (Lair:6)
  A deep elf annihilator (Elf:3)
  2 deep elf death magi (Elf:3)
  Josephine (D:11)
  A quicksilver dragon zombie (Abyss:2)
  An ogre mage (D:12)
  Fannar (D:12)
  5 deep elf high priests
  Erica (Orc:1)
  A rakshasa (Abyss:2)
  An anaconda (Lair:6)
  A centaur warrior (D:14)
  5 dancing weapons
  4 death yaks (Lair:5)
  3 orc high priests (Orc:2)
  A titan zombie (Abyss:2)
  2 soul eaters
  A thrashing horror (Abyss:2)
  3 deep elf knights
  5 wretched stars (Abyss:2)
  A sun demon (Orc:2)
  A shadow wraith (Abyss:2)
  A giant orange brain (Abyss:2)
  An infernal demonspawn (Orc:2)
  3 hill giants
  6 deep elf archers
  A lindwurm (Lair:6)
  4 orc knights (Orc:2)
  24 deep elf magi
  An orb spider (Abyss:2)
  A manticore (D:12)
  An ugly thing (D:13)
  A griffon (Lair:6)
  A hornet (D:12)
  10 orc sorcerers (Orc:2)
  5 large abominations (Abyss:2)
  6 cyclopes
  Maurice (D:11)
  2 centaur zombies
  17 elephants
  5 spiny frogs
  3 black mambas (Lair:6)
  A vault sentinel (Elf:1)
  2 smoke demons (Orc:2)
  A gargoyle (D:10)
  An orange demon (Abyss:2)
  3 rime drakes
  A kobold demonologist (D:13)
  8 komodo dragons
  2 hellwings
  2 efreet
  A yaktaur (D:13)
  3 trolls
  A two-headed ogre (Orc:2)
  A polar bear (Lair:4)
  3 saltlings (Elf:1)
  4 slime creatures
  4 blink frogs (Lair:5)
  4 water elementals
  An air elemental (Elf:1)
  2 shadows
  2 ynoxinuls
  8 wraiths
  25 yaks
  Eustachio (D:4)
  3 basilisks
  4 golden eyes (Abyss:2)
  Grum (D:9)
  A neqoxec (Abyss:2)
  7 hippogriffs
  A hungry ghost (D:13)
  6 vampire mosquitoes
  2 wyverns
  3 insubstantial wisps (Lair:5)
  3 wargs (Orc:2)
  Duvessa (D:5)
  3 porcupines
  4 water moccasins
  29 orc warriors
  An ice beast (D:13)
  12 ogres
  3 sky beasts
  An eye of draining (Lair:6)
  6 small abominations (Abyss:2)
  A black bear (Lair:1)
  3 phantoms
  14 wolves
  3 centaurs
  7 crocodiles
  4 big kobolds
  4 earth elementals
  10 giant frogs
  Dowan (D:5)
  2 wyvern skeletons
  2 scorpions
  6 wights
  5 electric eels (D:10)
  6 crimson imps
  2 giant frog zombies
  A quasit (D:8)
  21 orc priests
  21 orc wizards
  A gnoll shaman (D:8)
  5 hounds
  2 iron imps (Abyss:2)
  3 jellies
  2 centaur skeletons
  3 giant frog skeletons
  5 iguanas
  Ijyb (D:2)
  Natasha (twice) (D:4)
  13 worker ants
  A hound skeleton (D:9)
  7 adders
  4 gnolls (D:8)
  35 river rats
  A shadow imp (D:12)
  2 white imps (Abyss:2)
  An ooze (D:4)
  3 adder zombies
  3 adder skeletons
  3 worms
  65 orcs
  A giant cockroach (D:4)
  A goblin (D:3)
  5 jackals
  17 kobolds
  3 quokkas
  A bat (D:2)
  3 giant newts
  A quokka skeleton (D:8)
  3 plants (Lair:6)
639 creatures vanquished.

Vanquished Creatures (others)
  2 deep elf elementalists (Elf:3)
  A deep elf death mage (Elf:3)
  A white imp (Abyss:2)
  22 fungi
  26 plants
  5 starspawn tentacles (Abyss:2)
57 creatures vanquished.

Grand Total: 696 creatures vanquished

Notes
Turn   | Place    | Note
-------+----------+-------------------------------------------
     0 | D:1      | 4thArraOfDagon the Troll Ice Elementalist began the quest for the Orb.
     0 | D:1      | Reached XP level 1. HP: 16/16 MP: 1/1
    39 | D:2      | Reached skill level 1 in Unarmed Combat
    53 | D:2      | Noticed Ijyb
    71 | D:2      | Killed Ijyb
    71 | D:2      | Reached skill level 2 in Unarmed Combat
    71 | D:2      | Reached XP level 2. HP: 24/24 MP: 2/2
    71 | D:2      | Reached XP level 3. HP: 31/31 MP: 3/3
   187 | D:3      | Found a deep blue altar of Sif Muna.
   190 | D:3      | Became a worshipper of Sif Muna the Loreminder
   191 | D:3      | heh
   336 | D:3      | Noticed Ruebezahl's ghost (weakling GrCK)
   368 | D:3      | Turgon: errrrr
   380 | D:3      | Turgon: Sif?
   434 | D:4      | 4thArraOfDagon: never won sif!
   442 | D:4      | Reached skill level 3 in Unarmed Combat
   477 | D:4      | Noticed Natasha
   490 | D:4      | Killed Natasha
   590 | D:4      | Reached XP level 4. HP: 33/39 MP: 4/4
   607 | D:4      | Reached skill level 4 in Unarmed Combat
   609 | D:4      | Found Feboisaf's Magic Scroll Shoppe.
   620 | D:4      | Bought a scroll of teleportation for 30 gold pieces
   620 | D:4      | Bought a scroll of random uselessness for 10 gold pieces
   676 | D:4      | zzxc: your nile song is awesome
   707 | D:4      | zzxc: I am surprised I haven't heard it till now
   790 | D:4      | Noticed a phantom
   802 | D:4      | Reached XP level 5. HP: 31/45 MP: 5/5
   812 | D:4      | Reached skill level 5 in Unarmed Combat
   823 | D:4      | Found a deep blue altar of Sif Muna.
   856 | D:4      | Killed a phantom
   912 | D:4      | Reached skill level 6 in Unarmed Combat
   912 | D:4      | Reached XP level 6. HP: 51/53 MP: 6/6
   955 | D:5      | Entered Level 5 of the Dungeon
   957 | D:5      | Noticed Eustachio
   967 | D:4      | Turgon: Sif might become a bit more popular after the buff
   967 | D:4      | 4thArraOfDagon: ahh this one?
   971 | D:4      | 4thArraOfDagon: yea its quite cool
   979 | D:4      | 4thArraOfDagon: but there are better ones especially with those melodic parts like in 4aod
  1010 | D:4      | Killed Eustachio
  1037 | D:5      | Noticed a sky beast
  1037 | D:5      | Reached skill level 7 in Unarmed Combat
  1101 | D:5      | Killed a sky beast
  1101 | D:5      | Reached XP level 7. HP: 32/59 MP: 7/7
  1110 | D:5      | Ultraviolent4: have you died?
  1146 | D:5      | Sapher: me? no
  1151 | D:5      | Noticed Duvessa
  1160 | D:5      | Killed Duvessa
  1160 | D:5      | Reached skill level 8 in Unarmed Combat
  1162 | D:5      | Noticed Dowan
  1162 | D:5      | Ultraviolent4: arra
  1170 | D:4      | Found Lylanyog's Gadget Shoppe.
  1175 | D:4      | 4thArraOfDagon: yes
  1175 | D:4      | 4thArraOfDagon: died
  1178 | D:4      | Noticed Natasha
  1184 | D:4      | Ultraviolent4: rip the streak
  1186 | D:4      | Killed Natasha
  1197 | D:4      | Found Juethroda's Armour Shop.
  1352 | D:5      | Gained mutation: Your flesh is heat resistant. (rF+) [potion of mutation]
  1352 | D:5      | Gained mutation: You are resistant to hostile enchantments. (MR+) [potion of mutation]
  1352 | D:5      | Gained mutation: Your muscles are strong. (Str +2) [potion of mutation]
  1353 | D:5      | 4thArraOfDagon: :(
  1375 | D:5      | Reached skill level 9 in Unarmed Combat
  1450 | D:5      | Killed Dowan
  1450 | D:5      | Reached XP level 8. HP: 46/67 MP: 8/8
  1463 | D:5      | 4thArraOfDagon: and you? started anything>
  1544 | D:6      | Ultraviolent4: just died a couple times stupidly
  1548 | D:6      | Ultraviolent4: its 4am
  1562 | D:6      | Ultraviolent4: cant concentrate properly
  1662 | D:6      | Reached skill level 10 in Unarmed Combat
  1820 | D:7      | Reached skill level 11 in Unarmed Combat
  2021 | D:8      | Ultraviolent4: who invited zxc
  2037 | D:8      | Reached XP level 9. HP: 68/74 MP: 9/9
  2213 | D:8      | Reached skill level 12 in Unarmed Combat
  2238 | D:8      | Reached * piety under Sif Muna
  2451 | D:9      | Noticed Grum
  2494 | D:8      | Reached skill level 13 in Unarmed Combat
  2752 | D:9      | Reached XP level 10. HP: 50/81 MP: 10/10
  2810 | D:9      | Killed Grum
  2810 | D:9      | Reached skill level 14 in Unarmed Combat
  2988 | D:10     | Entered Level 10 of the Dungeon
  3145 | D:10     | Found a staircase to the Lair.
  3145 | D:10     | Noticed an elephant
  3168 | D:10     | Killed an elephant
  3193 | D:10     | Reached skill level 15 in Unarmed Combat
  3288 | D:10     | Found a burning altar of Makhleb.
  3327 | D:10     | Found a staircase to the Orcish Mines.
  3337 | D:10     | zzxc: me
  3343 | D:10     | zzxc: what are you doing here uv
  3354 | D:10     | zzxc: isn't it 4am where you live
  3369 | D:10     | Ultraviolent4: watching crawl
  3418 | D:9      | Ultraviolent4: its also 4am where you live
  3483 | D:10     | zzxc: you're probably not a night owl like me
  3540 | D:11     | Noticed a hill giant
  3540 | D:11     | zzxc: 4th, I was referring to 4aod
  3548 | D:11     | Killed a hill giant
  3636 | D:11     | Reached XP level 11. HP: 44/88 MP: 11/11
  3640 | D:11     | Reached skill level 16 in Unarmed Combat
  3647 | D:11     | zzxc: troll of sif wtf
  3776 | D:11     | Ultraviolent4: sif its not good
  3777 | D:11     | 4thArraOfDagon: this is one wicked combo i swear
  3784 | D:11     | zzxc: sif you're not asleep
  3800 | D:11     | zzxc: yeah but it's all troll
  3840 | D:10     | Reached skill level 1 in Fighting
  3840 | D:10     | Reached skill level 1 in Invocations
  3841 | D:10     | zzxc: what is sif even doing?
  3859 | D:10     | Ultraviolent4: all troll all the time
  3859 | D:10     | Ultraviolent4: giving good spells
  3859 | D:10     | zzxc: ??+cast
  3859 | D:10     | beem: divine energy[1/2]: A 1* Sif Muna ability new to 0.19, allows the player to toggle a +Cast status on/off (doesn't take time!). When on, you'll be able to cast one more spell when too low on MP for a cost of -Cast for a few turns.
  3859 | D:10     | Ultraviolent4: +cast is pretty broken
  3859 | D:10     | zzxc: doesn't seem great for troll
  3859 | D:10     | Ultraviolent4: no
  3859 | D:10     | Ultraviolent4: the only use is to get all the speedrunning spells
  3859 | D:10     | zzxc: but facepalm
  3859 | D:10     | Ultraviolent4: which is very useful
  3859 | D:10     | zzxc: that's so lame
  3859 | D:10     | 4thArraOfDagon: zz
  3859 | D:10     | 4thArraOfDagon: check this: https://www.youtube.com/watch?v=a4U8bSe0bV8
  3859 | D:10     | Ultraviolent4: http://crawl.xtahua.com/crawl/morgue/4thArraOfDagon/morgue-4thArraOfDagon-20160816-223704.txt
  3859 | D:10     | 4thArraOfDagon: thats pretty much same wreckage as 4aod
  3862 | D:11     | Noticed Maurice
  3916 | D:11     | Killed Maurice
  3953 | D:11     | Noticed Nergalle
  3999 | D:11     | zzxc: I like the slower nile songs
  4015 | D:11     | zzxc: user maat ra
  4015 | D:11     | 4thArraOfDagon: yea me too
  4015 | D:11     | zzxc: fast dm I don't get
  4015 | D:11     | 4thArraOfDagon: but almost all of them divide so you have slower and faster paces in one song
  4097 | D:11     | 4thArraOfDagon: same with morbid angel for example
  4097 | D:11     | 4thArraOfDagon: best album - domination
  4130 | D:11     | 4thArraOfDagon: because its slowest and most technical
  4164 | D:12     | zzxc: mm I can't get into fast and just blastbeats
  4225 | D:12     | zzxc: for fast I can do Death
  4265 | D:11     | zzxc: sound of perseverance
  4346 | D:12     | Turgon: 4thArra, I got a challenge for you
  4370 | D:12     | Turgon: Streak all trolls in < 30 k
  4451 | D:14     | zzxc: < 30k seconds
  4459 | D:14     | Ultraviolent4: he is winning all trolls
  4474 | D:14     | Noticed a vault guard
  4474 | D:14     | Noticed a vault guard
  4475 | D:14     | Noticed a vault guard
  4478 | D:14     | Noticed a vault guard
  4478 | D:14     | Ultraviolent4: i have a challenge for zxc
  4515 | D:13     | Ultraviolent4: leave D1 < 30k seconds
  4547 | D:13     | Reached ** piety under Sif Muna
  4577 | D:13     | zzxc: my last win was that lol
  4585 | D:13     | Turgon: 30 k seconds = more than 8 hours
  4600 | D:13     | Gained mutation: You heal very quickly. [mutagenic meat]
  4606 | D:13     | Ultraviolent4: yea, he will struggle
  4608 | D:13     | Turgon: And 4thArra usually wins in about 4 hours or sth
  4611 | D:13     | Learned a level 2 spell: Passwall
  4622 | D:13     | zzxc: my HaBe will win in about 6h
  4647 | D:13     | zzxc: !lm .
  4655 | D:13     | beem: 5198. [2016-08-23 10:57:43] zzxc the Fencer (L18 HaBe of Trog) killed Azrael on turn 45198. (Snake:2)
  4679 | D:13     | zzxc: !lm . x=dur
  4681 | D:13     | beem: 5198. [2016-08-23 10:57:43] [dur=3:10:48] zzxc the Fencer (L18 HaBe of Trog) killed Azrael on turn 45198. (Snake:2)
  4696 | D:13     | zzxc: or less
  4712 | D:13     | zzxc: maybe 5
  4716 | D:12     | Noticed Fannar
  4734 | D:13     | Found Witzes's Jewellery Shoppe.
  4756 | D:13     | Reached skill level 1 in Transmutations
  4756 | D:13     | Reached skill level 1 in Earth Magic
  4957 | D:13     | Noticed a six-headed hydra
  5072 | D:13     | Noticed a storm dragon
  5184 | D:13     | Noticed a hill giant
  5198 | D:13     | Killed a hill giant
  5202 | D:13     | Noticed a hill giant
  5211 | D:13     | Killed a hill giant
  5228 | D:13     | Noticed a deep elf high priest
  5238 | D:13     | Killed a deep elf high priest
  5238 | D:13     | Reached XP level 12. HP: 90/107 MP: 14/14
  5309 | D:13     | Noticed an ettin
  5403 | D:14     | Noticed a centaur warrior
  5412 | D:14     | Killed a centaur warrior
  5440 | D:14     | Reached *** piety under Sif Muna
  5503 | D:14     | Found Buaggyos's Gadget Boutique.
  5510 | D:14     | Found Zapuud's Assorted Antiques.
  5527 | D:14     | Bought a scroll labeled ESTUPLUDOJ for 35 gold pieces
  5527 | D:14     | Bought a silvery potion for 31 gold pieces
  5527 | D:14     | Bought a metallic puce potion for 31 gold pieces
  5527 | D:14     | Bought a scroll labeled QUNTIS IQAM for 35 gold pieces
  5640 | D:13     | Noticed a storm dragon
  5676 | D:11     | Noticed Josephine
  5696 | D:11     | Killed Josephine
  5797 | Orc:1    | Entered Level 1 of the Orcish Mines
  5797 | Orc:1    | Noticed Erica
  5801 | Orc:1    | Killed Erica
  5830 | Orc:2    | Entered Level 2 of the Orcish Mines
  5840 | Orc:2    | Found a roughly hewn altar of Beogh.
  5844 | Orc:1    | Noticed Urug
  5981 | Orc:2    | Reached skill level 5 in Earth Magic
  6211 | Orc:2    | Found a staircase to the Elven Halls.
  6221 | Orc:2    | Reached **** piety under Sif Muna
  6305 | Orc:2    | Found Peprish's General Store.
  6450 | Orc:2    | Found Berphe Oklo's Magic Scroll Emporium.
  6485 | Orc:2    | HP: 1/107 [orc warrior/halberd (15)]
  6505 | Orc:2    | Ultraviolent4: calculated
  6610 | Orc:2    | Bought a potion of agility for 52 gold pieces
  6612 | Orc:2    | Bought a scroll of identify for 32 gold pieces
  6612 | Orc:2    | Bought a scroll of identify for 32 gold pieces
  6612 | Orc:2    | Bought a scroll of teleportation for 48 gold pieces
  6736 | Orc:2    | Reached skill level 5 in Transmutations
  6738 | Orc:2    | Noticed an orc high priest
  6786 | Orc:2    | Killed an orc high priest
  6834 | Orc:2    | Reached ***** piety under Sif Muna
  7079 | Orc:2    | Reached XP level 13. HP: 94/114 MP: 17/17
  7122 | Orc:2    | Identified Sif Muna's Incunabulum of Transmutation and Flight (Sif Muna gifted it to you on level 2 of the Orcish Mines)
  7122 | Orc:2    | Received a gift from Sif Muna
  7136 | Orc:2    | Learned a level 7 spell: Dragon Form
  7144 | Orc:2    | Learned a level 5 spell: Blade Hands
  7522 | Orc:2    | Found Qihoytio's Antique Armour Boutique.
  7522 | Orc:2    | Found a one-way gate leading to the halls of Pandemonium.
  7522 | Orc:2    | Found Ijecod Eghyp's Gadget Shop.
  7945 | D:12     | Found a shadowy altar of Dithmenos.
  8099 | D:12     | Killed Fannar
  8427 | Lair:1   | Entered Level 1 of the Lair of Beasts
  8615 | Lair:5   | Identified Lotujami's Volume of Damaging Boosts (Sif Muna gifted it to you on level 5 of the Lair of Beasts)
  8615 | Lair:5   | Received a gift from Sif Muna
  8640 | Lair:5   | Learned a level 2 spell: Repel Missiles
  9246 | Lair:4   | Reached XP level 14. HP: 69/123 MP: 7/20
  9304 | Lair:4   | Found a staircase to the Snake Pit.
  9333 | Lair:6   | Entered Level 6 of the Lair of Beasts
  9334 | Lair:6   | Noticed Amnesiac's ghost (journeyman TeSu)
  9429 | Lair:6   | Reached skill level 5 in Spellcasting
  9815 | Lair:6   | Reached skill level 10 in Earth Magic
  9820 | Lair:6   | Identified Pyzxumm's Almanac of the Toxic Compass (Sif Muna gifted it to you on level 6 of the Lair of Beasts)
  9820 | Lair:6   | Received a gift from Sif Muna
 10072 | Lair:6   | Found a staircase to the Slime Pits.
 10072 | Lair:6   | Found a viscous altar of Jiyva.
 10186 | Lair:6   | Gained mutation: You have a somewhat thin skeletal structure. (Dex +2, Stealth) [potion of mutation]
 10186 | Lair:6   | Gained mutation: You evolve. [potion of mutation]
 10186 | Lair:6   | Lost mutation: You evolve. [potion of mutation]
 10266 | Lair:6   | Learned a level 2 spell: Swiftness
 11323 | Elf:1    | Entered Level 1 of the Elven Halls
 11340 | Elf:1    | Noticed Dominolapin's ghost (adept DsMo)
 11354 | Elf:1    | Killed Dominolapin's ghost
 11354 | Elf:1    | Identified Sif Muna's Compendium of Evil Displacement (Sif Muna gifted it to you on level 1 of the Elven Halls)
 11354 | Elf:1    | Received a gift from Sif Muna
 11703 | Elf:1    | Noticed a deep elf elementalist
 11718 | Elf:1    | Killed a deep elf elementalist
 11718 | Elf:1    | Reached XP level 15. HP: 74/130 MP: 16/22
 11989 | Elf:1    | Found a ruined silver gateway.
 12012 | Desolati | Entered the Desolation of Salt
 12035 | Elf:1    | Reached skill level 10 in Transmutations
 12107 | Elf:1    | Noticed a deep elf sorcerer
 12118 | Elf:1    | Killed a deep elf sorcerer
 12703 | Elf:3    | Entered Level 3 of the Elven Halls
 12737 | Elf:3    | Gained mutation: Your spells are a little harder to cast, but a little more powerful. [potion of mutation]
 12737 | Elf:3    | Lost mutation: You have a somewhat thin skeletal structure. (Dex +2, Stealth) [potion of mutation]
 13066 | Elf:3    | Identified Sif Muna's Grimoire of Moulding and the Compass (Sif Muna gifted it to you on level 3 of the Elven Halls)
 13066 | Elf:3    | Received a gift from Sif Muna
 13070 | Elf:3    | Noticed a deep elf blademaster
 13082 | Elf:3    | Killed a deep elf blademaster
 13092 | Elf:3    | Learned a level 6 spell: Statue Form
 13155 | Elf:3    | Noticed a deep elf sorcerer
 13159 | Elf:3    | Killed a deep elf sorcerer
 13204 | Elf:3    | Noticed Mara
 13218 | Elf:3    | Noticed 4thArraOfDagon's illusion
 13233 | Elf:3    | Noticed a deep elf sorcerer
 13233 | Elf:3    | Noticed a deep elf sorcerer
 13233 | Elf:3    | Noticed a deep elf blademaster
 13233 | Elf:3    | Noticed a deep elf blademaster
 13233 | Elf:3    | Noticed a deep elf sorcerer
 13235 | Elf:3    | Noticed a deep elf master archer
 13248 | Elf:3    | Noticed a deep elf master archer
 13251 | Elf:3    | Cast into level 2 of the Abyss (a deep elf sorcerer)
 13252 | Abyss:2  | ty
 13369 | Abyss:2  | Reached skill level 5 in Fighting
 13369 | Abyss:2  | Reached skill level 5 in Dodging
 13477 | Abyss:2  | Reached XP level 16. HP: 141/141 MP: 24/24
 13543 | Abyss:2  | Noticed a bone dragon
 13552 | Abyss:2  | Killed a bone dragon
 13563 | Abyss:2  | Noticed a tentacled starspawn
 13572 | Abyss:2  | Killed a tentacled starspawn
 13587 | Abyss:2  | Noticed an Executioner
 13591 | Abyss:2  | Killed an Executioner
 13664 | Elf:3    | Escaped the Abyss
 13679 | Elf:3    | Killed from afar by a deep elf annihilator

Vault maps used:
D:1:      dpeg_arrival_long_road
D:2:      okawaru_trees_2, uniq_iyjb, uniq_sigmund
D:3:      first_bread, lemuel_blue_sif_altar, uniq_grinder
D:4:      serial_shops, shop, kennysheep_mini, shop, shop, shop,
          minmay_ruined_shrine, uniq_natasha
D:5:      uniq_duvessa, uniq_eustachio
D:7:      serial_shops, shop
D:9:      grunt_pizzeria, uniq_grum
D:10:     david_lair_generic, serial_bayou, serial_bayou_pond_a,
          serial_bayou_lagoon_a, serial_bayou_pond_e, serial_bayou_lagoon_b,
          basic_altar
D:11:     uniq_nergalle, uniq_josephine, uniq_maurice
D:12:     minmay_blocky_corners, grunt_dithmenos_shadows, uniq_fannar
D:13:     minmay_chopped_fan, serial_shops, nicolae_shop_waterfront
D:14:     erik_vaults_2, serial_shops, shop_scrolls, shop, shop, shop,
          nicolae_shop_behind_doors, uniq_kirke
Lair:1:   serial_bayou_pond_b, nicolae_quartered_pool_medium
Lair:2:   minmay_shoals_entry_hut, special_room
Lair:4:   guppyfry_snake_entry_garden, small_statue_intersection
Lair:5:   wad_woods_06, pond
Lair:6:   due_jungle_book, slime_altar_1, serial_bayou_pond_a, st_stairs_4,
          minmay_lair_drake_nest
Orc:1:    uniq_erica, uniq_urug, uniq_snorg
Orc:2:    pf_orc_diabolical, basic_altar
Elf:1:    portal_desolation_entry_salt, hangedman_elf_represent,
          kennysheep_underground_church, grunt_megastairs_2
Elf:2:    uniq_jorgrun
Elf:3:    nooodl_elf_gasket, serial_shops, shop, guppyfry_elf_castle, uniq_mara
Abyss:2:  minivault_27

Skill      XL: |  1  2  3  4  5  6  7  8  9 10 11 12 13 14 15 16 |
---------------+-------------------------------------------------+-----
Unarmed Combat | 2 3 4 6 7 9 11 13 15 16 | 16.8
Fighting       | 3 4 5 6 |  6.2
Dodging        | 4 5 6 |  6.1
Invocations    | 3 |  3.1
Transmutations | 2 5 7 9 10 | 10.6
Earth Magic    | 2 7 9 11 12 | 12.6
Spellcasting   | 2 3 4 5 6 |  6.4
Stealth        | |  1.1
Conjurations   | |  0.6
Ice Magic      | |  2.1

Action                   |  1- 3 |  4- 6 |  7- 9 | 10-12 | 13-15 | 16-18 || total
-------------------------+-------+-------+-------+-------+-------+-------++-------
Melee: Unarmed           |    58 |    99 |   291 |   649 |   975 |    69 ||  2141
       Punch             |       |     1 |    12 |    41 |    66 |     5 ||   125
Throw: Large rock        |       |       |       |     4 |       |       ||     4
 Cast: Freeze            |       |     1 |       |       |       |       ||     1
       Passwall          |       |       |       |    12 |       |       ||    12
       Blade Hands       |       |       |       |       |    60 |       ||    60
       Statue Form       |       |       |       |       |     5 |     3 ||     8
Invok: Divine Energy     |       |       |     1 |       |       |       ||     1
 Abil: End Transformatio |       |       |       |       |    15 |       ||    15
Evoke: Wand              |       |       |     4 |    23 |    16 |     8 ||    51
  Use: Scroll            |       |       |     7 |    15 |    26 |     1 ||    49
       Potion            |       |       |     2 |     6 |    19 |     7 ||    34
 Stab: Sleeping          |       |     1 |     1 |     4 |     1 |       ||     7
       Confused          |       |       |       |     6 |     1 |       ||     7
       Distracted        |       |       |       |     1 |       |       ||     1
       Invisible         |       |       |       |       |     1 |       ||     1
  Eat: Chunk             |     6 |     9 |    14 |    41 |    77 |     1 ||   148
       Beef jerky        |       |       |     1 |     2 |     2 |       ||     5
       Bread ration      |       |       |       |     1 |       |     1 ||     2
Armor: Robe              |    20 |    26 |    64 |   134 |   204 |       ||   448
       Skin              |       |       |    23 |     9 |    96 |    60 ||   188
Dodge: Dodged            |    31 |    60 |   125 |   224 |   422 |    54 ||   916
